 Dungeon Crawl Stone Soup version 0.29-a0-495-g17b79114eb (webtiles) character file.

Game seed: 2679185260917151517

4757 dolemite99 the Cleaver (level 10, -22/111 HPs)
             Began as a Hill Orc Gladiator on May 27, 2022.
             Was a Believer of Okawaru.
             Annihilated by a two-headed ogre
             ... wielding a +0 giant spiked club
              (27 damage)
             ... on level 9 of the Dungeon.
             The game lasted 00:09:31 (12296 turns).

dolemite99 the Cleaver (Hill Orc Gladiator)        Turns: 12296, Time: 00:09:31

Health: -22/111    AC: 25    Str: 22    XL:     10   Next: 46%
Magic:  10/13      EV:  2    Int:  8    God:    Okawaru [**....]
Gold:   253        SH:  0    Dex: 12    Spells: 9/9 levels left

rFire   . . .      SeeInvis .   a - +1 war axe
rCold   . . .      Faith    .   (no shield)
rNeg    . . .      Spirit   .   (body armour currently unavailable)
rPois   +          Reflect  .   (helmet currently unavailable)
rElec   .          Harm     .   (cloak currently unavailable)
rCorr   .          Rampage  .   (gloves currently unavailable)
Will    .....      NoTele   +   (boots currently unavailable)
Stlth   +++.......              (no amulet)
HPRegen 0.28/turn               s - ring of poison resistance
MPRegen 0.13/turn               q - ring of wizardry

@: tree-form, heroic
A: stationary, stasis, torment immunity, boosted hp
a: Renounce Religion, Heroism


You were on level 9 of the Dungeon.
You worshipped Okawaru.
Okawaru was pleased with you.
You were a tree.
You visited 1 branch of the dungeon, and saw 9 of its levels.
You also visited: Sewer.

You collected 343 gold pieces.
You spent 90 gold pieces at shops.

Inventory:

Hand Weapons
 a - a +1 war axe (weapon)
 b - a +1 hunting sling of freezing
 f - a +0 vampiric whip
 G - a +1 vorpal flail
 H - the +6 mace "Beastslayer" {vorpal, rPois}
   (You took it off a centaur on level 7 of the Dungeon)

   It inflicts extra damage upon your enemies.
   rPois:     It protects you from poison.
 I - a +1 halberd of venom
Missiles
 d - 2 throwing nets
 e - a javelin
 C - 6 poisoned darts
Armour
 c - a +0 helmet
 j - a +2 helmet
 o - a +1 plate armour (melded)
 y - a +0 kite shield
 B - the +0 cloak of an ice cave {Harm Will- Int+3}
   (You found it on level 4 of the Dungeon)

   Int:       It affects your intelligence (+3).
   Harm:      It increases damage dealt and taken.
   Will:      It decreases your willpower.
 J - a +1 cloak (melded)
Jewellery
 q - a ring of wizardry (right branch)
 s - a ring of poison resistance (left branch)
 v - a ring of magical power
 F - a ring of positive energy
Wands
 n - a wand of paralysis (19)
 M - a wand of flame (21) (quivered)
Scrolls
 g - 4 scrolls of blinking
 l - a scroll of fog
 w - 2 scrolls of magic mapping
 x - a scroll of poison
 A - 2 scrolls of enchant armour
 D - 4 scrolls of teleportation
 E - a scroll of identify {@r1}
 N - a scroll of silence
Potions
 h - 3 potions of curing
 i - a potion of lignification
 k - 2 potions of flight
 m - a potion of magic
 p - 2 potions of heal wounds {unknown}
 r - a potion of haste
 t - 2 potions of brilliance
 u - 3 potions of attraction {unknown}
 z - 2 potions of invisibility {unknown}
 K - 2 potions of berserk rage {unknown}
 L - a potion of might {unknown}
 O - a potion of mutation {unknown}


   Skills:
 - Level 2.4(7.4) Fighting
 - Level 11.1(16.1) Axes
 - Level 7.6(12.6) Throwing
 + Level 8.0(13.0) Armour
 - Level 2.4(7.4) Dodging
 - Level 4.0 Invocations
 - Level 5.5 Evocations


You had 9 spell levels left.
You didn't know any spells.
Your spell library contained the following spells:

 Spells                   Type           Power      Damage    Failure   Level
 Borgnjor's Revivificati  Necr           0%         N/A       100%        8
 Necromutation            Tmut/Necr      0%         N/A       100%        8
 Death's Door             Necr           0%         N/A       100%        9


Dungeon Overview and Level Annotations

Branches:
Dungeon (9/15)             Temple (0/1) D:7            Lair (0/6) D:8
  Sewer (visited)
    Orc: D:9-12

Altars:
Cheibriados
Makhleb
Okawaru
Qazlal
Wu Jian
Xom
Beogh

Shops:
D:3 *

Annotations:
D:7 3 runed translucent doors, pokeman's ghost, novice DEWz


Message History

You turn into a tree.
Your +1 cloak melds into your body.
Your +1 plate armour melds into your body.
Your roots penetrate the ground.
The two-headed ogre hits you with a +0 giant spiked club!
The two-headed ogre hits you with a +0 giant club!
You feel more confident with your borrowed prowess.
You slash the two-headed ogre!
The two-headed ogre is moderately wounded.
You hit the two-headed ogre.
The two-headed ogre hits you with a +0 giant spiked club!!
The two-headed ogre hits you with a +0 giant club.
You slash the two-headed ogre!
The two-headed ogre is heavily wounded.
You slash the two-headed ogre!
The two-headed ogre hits you with a +0 giant spiked club!!
The two-headed ogre hits you but does no damage.
You barely miss the two-headed ogre.
The two-headed ogre is heavily wounded.
You hit the two-headed ogre.
The two-headed ogre completely misses you.
The two-headed ogre hits you with a +0 giant club.
* * * LOW HITPOINT WARNING * * *
You barely miss the two-headed ogre.
The two-headed ogre is heavily wounded.
You barely miss the two-headed ogre.
The two-headed ogre hits you with a +0 giant spiked club!
* * * LOW HITPOINT WARNING * * *
The two-headed ogre hits you but does no damage.
You slash the two-headed ogre!
The two-headed ogre is heavily wounded.
You slash the two-headed ogre!
The two-headed ogre hits you with a +0 giant spiked club!
* * * LOW HITPOINT WARNING * * *
The two-headed ogre hits you with a +0 giant club.
* * * LOW HITPOINT WARNING * * *
You slice the two-headed ogre!!
The two-headed ogre is severely wounded.
You hit the two-headed ogre but do no damage.
The two-headed ogre hits you with a +0 giant spiked club!!
You die...

#......#
#......#
#......#
#......#
#......#
###'####
#.###
#...#
###♣#####
#..OO...#
#.......#
#.......#
#...>...+
#.......#
#.......#
#.......#
#.......#


You could see 2 two-headed ogres.

Vanquished Creatures
  Maggie (D:7)
  A komodo dragon (D:7)
  7 yaks (D:8)
  2 water moccasins
  A sky beast (D:7)
  An ice beast (D:6)
  4 black bears
  4 centaurs
  2 kobold brigands
  A necrophage (D:5)
  5 bullfrogs
  4 scorpions
  3 wights (D:8)
  6 killer bees (D:8)
  A howler monkey (D:7)
  5 hounds
  A jelly (D:5)
  2 orc priests (D:6)
  Crazy Yiuf (D:7)
  An iron imp (D:3)
  Jessica (D:3)
  Natasha (thrice) (D:2)
  8 iguanas
  4 orc wizards
  2 gnolls (D:7)
  11 adders
  3 river rats (D:4)
  2 white imps
  An ufetubus (D:5)
  An adder zombie (D:2)
  An adder skeleton (D:2)
  4 worms
  2 dart slugs
  15 orcs
  5 ball pythons
  A bat skeleton (D:2)
  A bat zombie (D:2)
  9 endoplasms
  3 giant cockroaches
  7 goblins
  9 hobgoblins
  4 jackals (D:1)
  4 quokkas
  A ball python skeleton (D:2)
  3 bats
  2 frilled lizards (D:7)
  20 kobolds
  2 quokka skeletons (D:2)
  6 rats
188 creatures vanquished.

Vanquished Creatures (others)
  5 dream sheep (D:6)
  A gnoll (D:7)
  7 plants (D:7)
  2 withered plants (D:2)
15 creatures vanquished.

Grand Total: 203 creatures vanquished

Notes
Turn   | Place    | Note
-------+----------+-------------------------------------------
     0 | D:1      | dolemite99 the Hill Orc Gladiator began the quest for the
                  | Orb.
     0 | D:1      | Reached XP level 1. HP: 18/18 MP: 1/1
    11 | D:1      | Reached XP level 2. HP: 16/25 MP: 2/2
   344 | D:1      | Reached skill level 5 in Axes
   358 | D:1      | Reached XP level 3. HP: 13/30 MP: 3/3
  1042 | D:2      | Reached skill level 6 in Axes
  1224 | D:2      | Reached XP level 4. HP: 33/37 MP: 4/4
  1271 | D:2      | Noticed Natasha
  1291 | D:2      | Killed Natasha
  1479 | D:2      | Found a faded altar of an unknown god.
  1541 | D:2      | Prayed at the altar of an unknown god.
  1541 | D:2      | Became a worshipper of Warmaster Okawaru
  1541 | D:2      | Reached * piety under Okawaru
  1586 | D:2      | Noticed Natasha
  1596 | D:2      | Killed Natasha
  1597 | D:2      | Reached skill level 7 in Axes
  1616 | D:2      | Noticed Natasha
  1625 | D:2      | Killed Natasha
  1626 | D:2      | Reached XP level 5. HP: 37/42 MP: 2/5
  2405 | D:3      | Reached skill level 8 in Axes
  2558 | D:3      | Noticed Jessica
  2566 | D:3      | Killed Jessica
  2567 | D:3      | Reached skill level 1 in Invocations
  2718 | D:3      | Found a snail-covered altar of Cheibriados.
  2722 | D:3      | Reached XP level 6. HP: 50/50 MP: 5/7
  2938 | D:3      | Found Numiurgh's General Store.
  2943 | D:3      | Bought a scroll of magic mapping for 45 gold pieces
  2943 | D:3      | Bought a scroll of poison for 45 gold pieces
  3520 | D:4      | Identified the +0 cloak of an ice cave {Harm Will- Int+3}
  3628 | D:4      | Found a glowing drain.
  3633 | D:4      | Reached skill level 9 in Axes
  3639 | Sewer    | Entered a sewer
  3702 | Sewer    | Noticed a water moccasin
  3710 | Sewer    | Killed a water moccasin
  3711 | Sewer    | Reached XP level 7. HP: 56/56 MP: 5/9
  4219 | D:5      | Entered Level 5 of the Dungeon
  4631 | D:5      | Reached skill level 10 in Axes
  5108 | D:5      | Reached skill level 11 in Axes
  5203 | D:5      | Reached XP level 8. HP: 55/62 MP: 8/11
  5368 | D:5      | Found a stormy altar of Qazlal.
  5637 | D:6      | Found a burning altar of Makhleb.
  5941 | D:6      | Reached skill level 5 in Throwing
  6869 | D:6      | Noticed a dream sheep
  6869 | D:6      | Noticed a dream sheep
  6869 | D:6      | Noticed a dream sheep
  6869 | D:6      | Noticed a dream sheep
  6869 | D:6      | Noticed a dream sheep
  6869 | D:6      | Found a shimmering altar of Xom.
  6874 | D:6      | Killed a dream sheep
  6875 | D:6      | Killed a dream sheep
  6875 | D:6      | Killed a dream sheep
  6875 | D:6      | Killed a dream sheep
  6876 | D:6      | Killed a dream sheep
  7109 | D:7      | Reached XP level 9. HP: 39/68 MP: 9/12
  7471 | D:7      | Noticed a komodo dragon
  8028 | D:7      | Identified the +6 mace "Beastslayer" {vorpal, rPois}
  8047 | D:7      | Reached skill level 1 in Evocations
  8405 | D:7      | Found an ornate altar of the Wu Jian Council.
  8465 | D:7      | Found a runed translucent gate.
  8466 | D:7      | Found a runed translucent gate.
  8466 | D:7      | Noticed pokeman's ghost (novice DEWz)
  8468 | D:7      | Found a runed translucent gate.
  8502 | D:7      | Noticed Maggie
  8515 | D:7      | Killed Maggie
  8515 | D:7      | Reached ** piety under Okawaru
  9230 | D:7      | Found a runed translucent door.
  9231 | D:7      | Noticed Crazy Yiuf
  9241 | D:7      | Killed Crazy Yiuf
  9330 | D:7      | Found a staircase to the Ecumenical Temple.
  9405 | D:7      | Killed a komodo dragon
  9406 | D:7      | Reached skill level 5 in Evocations
  9827 | D:7      | Found a roughly hewn altar of Beogh.
  9896 | D:8      | Reached skill level 1 in Armour
 10374 | D:8      | Reached XP level 10. HP: 52/74 MP: 10/13
 10732 | D:8      | Reached skill level 5 in Armour
 11436 | D:8      | Found a staircase to the Lair.
 12281 | D:9      | Noticed a two-headed ogre
 12282 | D:9      | Noticed a two-headed ogre
 12295 | D:9      | HP: 5/111 [two-headed ogre/+0 giant spiked club (6)]
 12296 | D:9      | Annihilated by a two-headed ogre

Illustrated notes

Levels and vault maps discovered:
D:1:      mrwooster_arrival_statue_2, layout_rooms
D:2:      layout_basic, serial_undead, serial_undead_d, serial_undead_d,
          serial_undead_b, serial_undead_e, serial_undead_c, serial_undead_e,
          serial_undead_d, serial_undead_a,
          hellmonk_ecumenical_altar_prayer_group, grunt_ministairs_6,
          minmay_pentomino_u2, uniq_natasha
D:3:      layout_loops_ring, slow_altar_2, serial_shops,
          nicolae_shop_hallway_plus, nicolae_figureground_pulse, uniq_jessica
D:4:      layout_loops_cross, lightli_sewer_entry_pipes
D:5:      layout_cave_pools, nicolae_qazlal_general_emergency
D:6:      layout_basic, kb_xom_exploding_sheep, bloody_makhleb
D:7:      layout_loops_ring, mainiacjoe_overflow_small_starburst,
          temple_statues, biasface_ghost_orc_armoury, minmay_lizard_king,
          uniq_maggie, uniq_crazy_yiuf_cottage
D:8:      layout_rooms, lair_entry_dummy
D:9:      layout_roguey

Skill      XL: |  1  2  3  4  5  6  7  8  9 10 |
---------------+-------------------------------+-----
Axes           | 5 6 7 8 9 11 | 11.1
Invocations    | 1 3 4 |  4.0
Throwing       | 2 6 7 |  7.6
Evocations     | 5 |  5.5
Armour         | 4 8 |  8.0
Fighting       | |  2.4
Dodging        | |  2.4

Action                   |  1- 3 |  4- 6 |  7- 9 | 10-12 || total
-------------------------+-------+-------+-------+-------++-------
Melee: War axe           |    59 |   168 |   259 |   127 ||   613
       Punch             |       |     3 |     8 |     1 ||    12
Throw: Dart              |       |       |    39 |     8 ||    47
       Throwing net      |       |       |       |     3 ||     3
       Javelin           |       |       |       |     1 ||     1
Invok: Heroism           |       |     9 |    32 |    12 ||    53
Evoke: Wand              |       |       |       |     3 ||     3
  Use: Potion            |       |     1 |     4 |     1 ||     6
       Scroll            |       |     1 |    12 |     2 ||    15
 Stab: Paralysed         |       |       |       |     1 ||     1
Armor: Leather armour    |    22 |       |       |       ||    22
       Plate armour      |     4 |   126 |   141 |    63 ||   334
       Skin              |       |       |       |     2 ||     2
Dodge: Dodged            |    42 |    57 |    79 |    51 ||   229

Table legend: (Time is in decaauts)
 A = Elapsed time spent in this place.
 B = Non-inter-level travel time spent in this place.
 C = Inter-level travel time spent in this place.
 D = Time resting spent in this place.
 E = Time spent auto-exploring this place.
 F = Levels seen in this place.
 G = Mean time per level.
                   A        B        C        D        E       F      G
               +--------+--------+--------+--------+--------+-----+--------+
         Total |  12242 |  11971 |    271 |   4342 |   5949 |  10 | 1224.2 |
       Dungeon |  11963 |  11692 |    271 |   4238 |   5820 |   9 | 1329.2 |
         Sewer |    279 |    279 |      0 |    104 |    129 |   1 |  279.0 |
               +--------+--------+--------+--------+--------+-----+--------+

Top non-repeatable levels by time:
     D:7: 3161 daAuts
     D:8: 2042 daAuts
     D:6: 1459 daAuts
     D:2: 1346 daAuts
     D:5: 1149 daAuts
     D:4: 953 daAuts
     D:1: 951 daAuts
     D:3: 844 daAuts
   Sewer: 279 daAuts
     D:9: 54 daAuts
